 Dungeon Crawl Stone Soup version 0.32-a0-128-g77eb882913 (webtiles) character file.

Game seed: 17084711208059216926

66 Newt the Poker (level 4, -9/35 HPs)
             Began as a Merfolk Gladiator on Feb 7, 2024.
             Engulfed by a cloud of flame (27 damage)
             ... on level 2 of the Dungeon.
             The game lasted 00:01:19 (1291 turns).

Newt the Poker (Merfolk Gladiator)                  Turns: 1291, Time: 00:01:19

Health: -9/35      AC:  4    Str: 16    XL:     4   Next: 15%
Magic:  4/4        EV: 13    Int:  7    God:
Gold:   106        SH:  0    Dex: 15    Spells: 3/3 levels left

rFire   . . .        a - +0 trident
rCold   . . .        (no shield)
rNeg    . . .        b - +0 leather armour
rPois   .            c - +0 helmet
rElec   .            (no cloak)
rCorr   .            (no gloves)
SInv    .            (no boots)
Will    .....        (no amulet)
Stlth   +            (no ring)
HPRegen 0.25/turn    (no ring)
MPRegen 0.09/turn

%: no passive effects
@: no status effects
A: (nimble swimmer 2), mertail
a: no special abilities


You were on level 2 of the Dungeon.
You visited 1 branch of the dungeon, and saw 2 of its levels.

You collected 106 gold pieces.

Inventory:

Hand Weapons
 a - a +0 trident (weapon)
Missiles
 d - 3 throwing nets (quivered)
 e - a javelin
Armour
 b - a +0 leather armour (worn)
 c - a +0 helmet (worn)
Talismans
 i - a beast talisman
Scrolls
 f - a scroll of revelation {unknown}
 h - a scroll of identify {unknown}
 j - a scroll of noise {unknown}
Potions
 g - 3 potions of curing {unknown}
 k - a potion of heal wounds {unknown}
 l - a potion of mutation {unknown}


   Skills:
 + Level 3.2 Fighting
 - Level 5.1 Polearms
 - Level 2.0 Throwing
 - Level 4.0 Dodging
 * Level 1.9 Shapeshifting


You had 3 spell levels left.
You didn't know any spells.
Your spell library was empty.

Dungeon Overview and Level Annotations

Branches:
Dungeon (2/15)

Altars:


Innate Abilities, Weirdness & Mutations

((You are very nimble when in or above water. (Stealth+, EV+, Speed+++)))
Your lower body shifts to a powerful aquatic tail in water.


Message History

No target in view!
No target in view!
No target in view!
No target in view!
You now have 106 gold pieces (gained 3).
The bat misses you.
A bat is nearby!
A bat is nearby!
You reach to attack!
You hit the bat but do no damage.
The bat is heavily wounded.
The bat hits you but does no damage.
You puncture the bat!
You kill the bat!
No target in view!
No target in view!
No target in view!
No target in view!
No target in view!
l - a golden potion An adder and a bat come into view.
Found 11 gold pieces and a book of the Senses.
The adder hisses angrily.
The bat moves out of view.
No reachable target in view!
No reachable target in view!
No reachable target in view!
An adder is nearby!
Unknown command.
Found an agate ring and a short sword.
An endoplasm comes into view.
The adder is engulfed in blazing flames.
The adder is engulfed in blazing flames.
The adder dies!
Found an inky potion, 6 poisoned darts and a club.
The endoplasm is engulfed in blazing flames.
The endoplasm dies!
You are engulfed in blazing flames.
You are engulfed in blazing flames.
Ouch! That really hurt!
You die...

.............#.# ####†##....##
......#.....##.# ###.......##...
#####.########.####......)..#####
#. #...##.#)......#
##....#.......# ##..##.........#
#...#####........ #☼§°#
#......#.. #☼☼@# #......###.
#○§○# #......# #...# . ..:.$.
☼..).=.§ ..§☼.)!(.☼ #####...###
#..§#


There were no monsters in sight!

Vanquished Creatures
  An adder (D:2)
  A ribbon worm (D:2)
  4 ball pythons
  7 endoplasms
  5 giant cockroaches
  6 goblins
  5 hobgoblins
  2 kobolds
  4 quokkas
  5 bats
  A frilled lizard (D:2)
  3 rats
44 creatures vanquished.

Vanquished Creatures (others)
  An adder (D:2)
  An endoplasm (D:2)
2 creatures vanquished.

Grand Total: 46 creatures vanquished

Notes
Turn   | Place    | Note
-------+----------+-------------------------------------------
     0 | D:1      | Newt the Merfolk Gladiator began the quest for the Orb.
     0 | D:1      | Reached XP level 1. HP: 16/16 MP: 1/1
    84 | D:1      | Reached XP level 2. HP: 21/23 MP: 2/2
   555 | D:1      | Reached skill level 5 in Polearms
   561 | D:1      | Reached XP level 3. HP: 27/28 MP: 3/3
  1030 | D:2      | Reached skill level 1 in Shapeshifting
  1116 | D:2      | Reached XP level 4. HP: 35/35 MP: 4/4
  1291 | D:2      | Engulfed by a cloud of flame

Illustrated notes

Levels and vault maps discovered:
D:1:      minmay_arrival_shoal_huts, layout_loops_corners, nrook_campfire,
          minmay_worlds_worst_comb
D:2:      layout_rooms, lemuel_flame_loot_1

Skill      XL: |  1  2  3 |
---------------+----------+-----
Polearms       | 5 |  5.1
Fighting       | 3 |  3.2
Shapeshifting  | 1 |  1.9
Throwing       | |  2.0
Dodging        | |  4.0

Action                     |  1- 3 |  4- 6 || total
---------------------------+-------+-------++-------
  Melee: Trident           |   123 |    32 ||   155
         Punch             |     1 |       ||     1
   Stab: Sleeping          |     2 |       ||     2
 Armour: Leather armour    |    34 |    11 ||    45
  Dodge: Dodged            |    64 |    22 ||    86

Table legend: (Time is in decaauts)
 A = Elapsed time spent in this place.
 B = Non-inter-level travel time spent in this place.
 C = Inter-level travel time spent in this place.
 D = Time resting spent in this place.
 E = Time spent auto-exploring this place.
 F = Levels seen in this place.
 G = Mean time per level.
                   A        B        C        D        E       F      G
               +--------+--------+--------+--------+--------+-----+--------+
         Total |   1268 |   1194 |     74 |      0 |    879 |   2 |  634.0 |
       Dungeon |   1268 |   1194 |     74 |      0 |    879 |   2 |  634.0 |
               +--------+--------+--------+--------+--------+-----+--------+

Top non-repeatable levels by time:
     D:1: 899 daAuts
     D:2: 369 daAuts
